[Event "December 5 Early 2023"]
[Site "https://www.chess.com"]
[Date "2023.12.05"]
[Round "9"]
[White "Ghosh, Chanchal Kumer"]
[Black "Fernandez Hernandez, Gerardo"]
[Result "0-1"]
[Board "150"]
[TimeControl "180+1"]
[WhiteFideId "10201858"]
[BlackFideId "2207400"]
[WhiteElo "2071"]
[BlackElo "2214"]
[WhiteTeam "BAN"]
[BlackTeam "ESP"]
[WhiteClock "0:00:00"]
[BlackClock "0:00:18"]

1. e4 e6 2. Nf3 d5 3. Nc3 Nf6 4. e5 Nfd7 5. d4 c5 6. Bg5 Qb6 7. dxc5 Bxc5 8. Qd2 h6 9. Bh4 Nc6 10. Bb5 Bb4 11. Bxc6 bxc6 12. O-O Ba6 13. Rfd1 Rb8 14. a3 Bxc3 15. Qxc3 c5 16. b4 O-O 17. Be7 Rfc8 18. Bd6 cxb4 19. Qxb4 Rb7 20. Nd4 Rc4 21. Qd2 Qb2 22. h3 Rb6 23. a4 Nc5 24. Bxc5 Rxc5 25. Rdc1 Rb4 26. Nb3 Rc3 27. Nd4 Rcc4 28. Ne2 d4 29. Ng3 Bb7 30. Qf4 Rxa4 31. Rxa4 Rxa4 32. Qd2 Ra1 33. Rxa1 Qxa1+ 34. Kh2 Qc3 35. Qe2 a5 36. Qg4 Qc6 37. Nh5 Qe4 0-1

[Event "December 5 Early 2023"]
[Site "https://www.chess.com"]
[Date "2023.12.05"]
[Round "9"]
[White "Reinecke, Katharina"]
[Black "NastyaHn"]
[Result "0-1"]
[Board "151"]
[TimeControl "180+1"]
[WhiteFideId "12929727"]
[WhiteElo "2026"]
[BlackElo "2199"]
[WhiteTeam "GER"]
[WhiteClock "0:00:36"]
[BlackClock "0:01:28"]

1. d4 d5 2. c4 e6 3. Nf3 Nf6 4. g3 Be7 5. Bg2 O-O 6. O-O dxc4 7. Ne5 Nc6 8. Nxc6 bxc6 9. Na3 Rb8 10. Nxc4 c5 11. Ne5 Bb7 12. Nc6 Bxc6 13. Bxc6 cxd4 14. Qc2 e5 15. Rd1 Qc8 16. e3 Qh3 17. Bg2 Qg4 18. exd4 exd4 19. Bf4 c5 20. b3 Rbd8 21. Re1 Qd7 22. Qe4 Nxe4 23. Bxe4 Bf6 0-1

[Event "December 5 Early 2023"]
[Site "https://www.chess.com"]
[Date "2023.12.05"]
[Round "9"]
[White "Mende, Andreas"]
[Black "Skiadopoulos, Nikolaos"]
[Result "1-0"]
[Board "152"]
[TimeControl "180+1"]
[WhiteFideId "4631102"]
[BlackFideId "4200772"]
[WhiteElo "2094"]
[BlackElo "1773"]
[WhiteTeam "GER"]
[BlackTeam "GRE"]
[WhiteClock "0:00:10"]
[BlackClock "0:00:00"]

1. c4 Nf6 2. g3 g6 3. Bg2 Bg7 4. Nc3 c6 5. e4 O-O 6. Nge2 d6 7. O-O e5 8. d3 Bg4 9. h3 Be6 10. Be3 d5 11. exd5 cxd5 12. d4 Nc6 13. dxe5 Nxe5 14. cxd5 Bd7 15. Bf4 Nh5 16. Be3 Nc4 17. Bd4 Nxb2 18. Qb3 Bxd4 19. Nxd4 Qb6 20. Qxb6 axb6 21. Rab1 Nc4 22. Rb4 b5 23. Ndxb5 Bxb5 24. Rxb5 b6 25. Rd1 Ra3 26. Rb3 Rxb3 27. axb3 Na5 28. b4 Nc4 29. d6 Nf6 30. Nb5 Rd8 31. Rd4 Ne5 32. f4 Ned7 33. Bc6 Rc8 34. Na7 Re8 35. Kf2 Kg7 36. Nb5 Rc8 37. Nc7 1-0

[Event "December 5 Early 2023"]
[Site "https://www.chess.com"]
[Date "2023.12.05"]
[Round "9"]
[White "Fakhretdinova, Margarita"]
[Black "Saim, Mohamed Ilias"]
[Result "1-0"]
[Board "153"]
[TimeControl "180+1"]
[WhiteFideId "24103667"]
[BlackFideId "7900465"]
[WhiteElo "2291"]
[BlackElo "2004"]
[WhiteTeam "RUS"]
[BlackTeam "ALG"]
[WhiteClock "0:00:12"]
[BlackClock "0:01:07"]

1. e4 c6 2. d4 d5 3. Nc3 a6 4. exd5 cxd5 5. Nf3 Bg4 6. Be2 Nf6 7. O-O Nc6 8. Bg5 e6 9. Ne5 Bxe2 10. Nxe2 Bd6 11. Nxc6 bxc6 12. Ng3 Be7 13. c3 O-O 14. b4 h6 15. Bxf6 Bxf6 16. f4 a5 17. a3 axb4 18. axb4 Qb6 19. Qd3 Ra7 20. Rxa7 Qxa7 21. Nh5 Be7 22. f5 Qd7 23. f6 Bxf6 24. Rxf6 Qa7 25. Qg3 g6 26. Rf1 Kh7 27. Nf6+ Kg7 28. Qe5 Qb8 29. Ne8+ Kh7 30. Qg7# 1-0

[Event "December 5 Early 2023"]
[Site "https://www.chess.com"]
[Date "2023.12.05"]
[Round "9"]
[White "Teumer, Joerg, Dr."]
[Black "Subramanian, Anusha"]
[Result "0-1"]
[Board "155"]
[TimeControl "180+1"]
[WhiteFideId "4643526"]
[BlackFideId "477710"]
[WhiteElo "2125"]
[BlackElo "2031"]
[WhiteTeam "GER"]
[BlackTeam "ENG"]
[WhiteClock "0:00:00"]
[BlackClock "0:00:31"]

1. f4 d5 2. Nf3 c5 3. e3 Nc6 4. b3 Nf6 5. Bb2 e6 6. Bb5 a6 7. Bxc6+ bxc6 8. Ne5 Qc7 9. O-O Be7 10. d3 O-O 11. Rf3 Rd8 12. Rh3 d4 13. e4 Bd6 14. Nd2 Bxe5 15. fxe5 Qxe5 16. Nf3 Qc7 17. Bc1 e5 18. Rg3 Be6 19. Nh4 Qd7 20. Bg5 Bg4 21. Qd2 Nh5 22. Rf1 Nxg3 23. hxg3 f6 24. Bxf6 gxf6 25. Rxf6 Rf8 26. Qg5+ Qg7 27. Qxg7+ Kxg7 28. Rxc6 Rfc8 29. Rd6 Ra7 0-1

[Event "December 5 Early 2023"]
[Site "https://www.chess.com"]
[Date "2023.12.05"]
[Round "9"]
[White "Osiecki, Stanislaw"]
[Black "Nikulina, Alena"]
[Result "1/2-1/2"]
[Board "156"]
[TimeControl "180+1"]
[WhiteFideId "1102990"]
[BlackFideId "4172051"]
[WhiteElo "2115"]
[BlackElo "2018"]
[WhiteTeam "POL"]
[BlackTeam "RUS"]
[WhiteClock "0:00:05"]
[BlackClock "0:00:08"]

1. e4 c5 2. c3 e6 3. d4 d5 4. e5 Nc6 5. Nf3 Qb6 6. Bd3 cxd4 7. cxd4 Bd7 8. Be2 Nge7 9. Nc3 Nf5 10. Na4 Qa5+ 11. Nc3 Bb4 12. Qd3 O-O 13. O-O f6 14. Bd2 fxe5 15. dxe5 a6 16. a3 Bxc3 17. Bxc3 Qd8 18. Rfe1 Nce7 19. Nd4 Nxd4 20. Bxd4 Bb5 21. Qd2 Bxe2 22. Rxe2 Nf5 23. Bc5 Rf7 24. b4 b6 25. Be3 Nxe3 26. Qxe3 Rc8 27. Rd1 Qc7 28. h3 Qc3 29. Qxb6 Rc6 30. Qd8+ Rf8 31. Qd7 Rf7 32. Qe8+ Rf8 33. Qe7 Rf7 34. Qd8+ Rf8 35. Qa5 Qc4 36. Red2 Qf4 37. Re2 Rc1 38. Rxc1 Qxc1+ 39. Kh2 Qf4+ 40. g3 Qc4 41. Rd2 h6 42. Qb6 Re8 43. a4 Kf7 44. b5 axb5 45. Qxb5 Qc3 46. Qb2 Qc5 47. Qb7+ Re7 48. Qb2 Rc7 49. Qd4 Qc1 50. Qf4+ Ke7 51. Ra2 Qxf4 52. gxf4 Ra7 53. Kg3 Kd7 54. Kh4 g6 55. Kg4 Ke7 56. h4 Kf7 57. h5 gxh5+ 58. Kxh5 Kg7 59. Kg4 Kh7 60. f5 exf5+ 61. Kxf5 Kg7 62. e6 h5 63. Ke5 h4 64. Kxd5 h3 65. Ra3 h2 66. Rh3 Rxa4 67. Rxh2 Ra2 68. Rg2+ Kf6 69. Ke4 Re2+ 70. Kf3 Rxe6 71. Rh2 Re5 72. Rh6+ Kg5 73. Ra6 Rf5+ 74. Kg2 Kh5 75. f3 Kg5 76. Ra8 Kf4 77. Ra4+ Kg5 78. Rg4+ Kf6 79. Kg3 Rg5 80. Kh4 Rxg4+ 81. Kxg4 Kg6 82. Kf4 Kf6 83. Ke4 Ke6 84. Kf4 Kf6 85. Ke4 Ke6 86. f4 Kf6 87. f5 Kf7 88. Ke5 Ke7 89. f6+ Kf7 90. Kf5 Kf8 91. Kg6 Kg8 92. Kg5 Kf7 93. Kf5 Kf8 94. Ke5 Kf7 95. Kf5 1/2-1/2

[Event "December 5 Early 2023"]
[Site "https://www.chess.com"]
[Date "2023.12.05"]
[Round "9"]
[White "Vargas, Mauricio"]
[Black "Jesusesmifuerza"]
[Result "0-1"]
[Board "157"]
[TimeControl "180+1"]
[WhiteFideId "4404572"]
[WhiteElo "1837"]
[BlackElo "2101"]
[WhiteTeam "COL"]
[WhiteClock "0:00:00"]
[BlackClock "0:01:12"]

1. e4 e5 2. Nf3 Nc6 3. Bc4 Bc5 4. O-O Nf6 5. d4 Bxd4 6. Nxd4 Nxd4 7. Bg5 h6 8. f4 d6 9. fxe5 dxe5 10. Bh4 g5 11. Bg3 Qe7 12. Nc3 Nc6 13. Nb5 a6 14. Nxc7+ Qxc7 15. Rxf6 Be6 16. Bxe6 fxe6 17. Rxe6+ Kf8 18. Qf3+ Kg8 19. Rg6+ Kh7 20. Qh5 Qg7 21. Rxg7+ Kxg7 22. Rd1 Rad8 23. Qg4 Rhf8 24. Rd7+ Rxd7 25. Qxd7+ Rf7 26. Qe6 Re7 0-1

[Event "December 5 Early 2023"]
[Site "https://www.chess.com"]
[Date "2023.12.05"]
[Round "9"]
[White "Gulamirian, Korun"]
[Black "Feliz Dotel, Dewar Bienvenido"]
[Result "0-1"]
[Board "158"]
[TimeControl "180+1"]
[WhiteFideId "4144899"]
[BlackFideId "6402801"]
[WhiteElo "2005"]
[BlackElo "2064"]
[WhiteTeam "RUS"]
[BlackTeam "DOM"]
[WhiteClock "0:01:17"]
[BlackClock "0:00:07"]

1. e4 e5 2. Nf3 Nc6 3. d4 exd4 4. Bc4 Nf6 5. e5 d5 6. Bb5 Ne4 7. Nxd4 Bd7 8. Bxc6 bxc6 9. O-O Bc5 10. Be3 Bb6 11. f3 Ng5 12. f4 Ne4 13. Nd2 O-O 14. Nxe4 dxe4 15. Qe2 f6 16. Rfe1 fxe5 17. fxe5 Qe7 18. Qc4+ Kh8 19. e6 Bxd4 20. exd7 Bxe3+ 21. Rxe3 Qxd7 22. Rxe4 Qd5 23. Rae1 Rab8 24. b3 Qf5 25. Rf1 Qg5 26. Rxf8+ Rxf8 27. h3 h6 28. Qxc6 Qg3 29. Qc5 Rd8 30. Qf2 Rd1+ 31. Re1 Rxe1+ 32. Qxe1 Qxe1+ 33. Kh2 Qe5+ 34. Kg1 Qc3 35. Kh2 Qxc2 0-1

[Event "December 5 Early 2023"]
[Site "https://www.chess.com"]
[Date "2023.12.05"]
[Round "9"]
[White "Mangialardo, Tiago Carvalho"]
[Black "Zaim, Marian"]
[Result "1-0"]
[Board "159"]
[TimeControl "180+1"]
[WhiteFideId "2130718"]
[BlackFideId "1204114"]
[WhiteElo "2070"]
[BlackElo "2331"]
[WhiteTeam "BRA"]
[BlackTeam "ROU"]
[WhiteClock "0:02:12"]
[BlackClock "0:02:23"]

1. e4 d6 2. d4 Nf6 3. Nd2 g6 4. f4 Bg7 5. Ngf3 O-O 6. e5 Nfd7 7. Nb3 b6 8. Bd3 Bb7 9. h4 h5 10. O-O c5 11. c3 Nc6 12. Ng5 cxd4 13. e6 Nc5 14. exf7+ Kh8 15. Bxg6 Bh6 16. Qxh5 Kg7 17. Nxc5 Bc8 18. Nce6+ Bxe6 19. Nxe6+ Kh8 20. Qxh6# 1-0

[Event "December 5 Early 2023"]
[Site "https://www.chess.com"]
[Date "2023.12.05"]
[Round "9"]
[White "Lohani, Sujana"]
[Black "Kniazev, Igor"]
[Result "1/2-1/2"]
[Board "160"]
[TimeControl "180+1"]
[WhiteFideId "12311987"]
[BlackFideId "4136349"]
[WhiteElo "1990"]
[BlackElo "2074"]
[WhiteTeam "NEP"]
[BlackTeam "RUS"]
[WhiteClock "0:00:24"]
[BlackClock "0:00:17"]

1. d4 Nf6 2. c4 c5 3. d5 b5 4. cxb5 a6 5. bxa6 Bxa6 6. Nc3 g6 7. e4 Bxf1 8. Kxf1 d6 9. g3 Bg7 10. h3 O-O 11. Kg2 Na6 12. Nf3 Qb6 13. Re1 Nd7 14. a4 Nc7 15. Qc2 Ne5 16. Nxe5 Bxe5 17. f4 Bd4 18. e5 Bxc3 19. bxc3 Nxd5 20. exd6 Qxd6 21. Rd1 Rfd8 22. c4 Qf6 23. Bd2 Nb4 24. Bxb4 Rxd1 25. Rxd1 Qc6+ 26. Kh2 cxb4 27. c5 Rxa4 28. Rd8+ Kg7 29. Qb2+ Qf6 30. Qb3 Ra3 31. Qxb4 Ra2+ 32. Rd2 Ra6 33. Qd4 Qxd4 34. Rxd4 Ra2+ 35. Kg1 Rc2 36. Rd7 Kf6 37. Rc7 Ke6 38. h4 h5 39. Kf1 f5 40. Kg1 Rc3 41. Kg2 Rc2+ 42. Kh3 Kf6 43. Rc6+ Kf7 44. Rc7 Ke6 45. Rc6+ Kf7 46. Rc7 Kf6 47. Rc6+ Kf7 1/2-1/2

[Event "December 5 Early 2023"]
[Site "https://www.chess.com"]
[Date "2023.12.05"]
[Round "10"]
[White "Aronian, Levon"]
[Black "Andreikin, Dmitry"]
[Result "1/2-1/2"]
[Board "1"]
[TimeControl "180+1"]
[WhiteFideId "13300474"]
[BlackFideId "4158814"]
[WhiteElo "3108"]
[BlackElo "3107"]
[WhiteTeam "USA"]
[BlackTeam "FID"]
[WhiteClock "0:00:09"]
[BlackClock "0:00:06"]

1. e4 e5 2. Nf3 Nc6 3. Bb5 f5 4. d3 fxe4 5. dxe4 Nf6 6. Bg5 Bb4+ 7. c3 Bc5 8. Bxf6 Qxf6 9. Qd5 Bd6 10. Nbd2 Ne7 11. Qb3 c6 12. Be2 Bc5 13. Nf1 Ng6 14. g3 d5 15. Ne3 Bxe3 16. fxe3 O-O 17. exd5 cxd5 18. h4 Bg4 19. Rf1 Qd6 20. O-O-O Ne7 21. e4 Qh6+ 22. Rd2 Kh8 23. Ng5 Rxf1+ 24. Bxf1 Rf8 25. Be2 Bxe2 26. Rxe2 Qh5 27. Qd1 h6 28. Ne6 Rf6 29. exd5 Nxd5 30. Rd2 Qxd1+ 31. Rxd1 Rxe6 32. Rxd5 Rg6 33. Rxe5 Rxg3 34. Re7 Rg4 35. h5 Rg5 36. Rxb7 Rxh5 37. Rxa7 g5 38. Kd2 Rh2+ 39. Ke3 Rxb2 40. a4 g4 41. Kf4 h5 42. Ra5 Rf2+ 43. Kg3 Rf3+ 44. Kg2 Rxc3 45. Rxh5+ Kg7 46. Rg5+ Kf6 47. Rxg4 Ra3 48. Rf4+ Ke5 49. Rh4 Kd5 50. a5 Kc6 51. a6 Rxa6 52. Rh6+ Kb7 53. Rxa6 Kxa6 1/2-1/2

[Event "December 5 Early 2023"]
[Site "https://www.chess.com"]
[Date "2023.12.05"]
[Round "10"]
[White "Drygalov, Sergey"]
[Black "Matlakov, Maxim"]
[Result "1-0"]
[Board "2"]
[TimeControl "180+1"]
[WhiteFideId "24171743"]
[BlackFideId "4168003"]
[WhiteElo "2978"]
[BlackElo "3013"]
[WhiteTeam "RUS"]
[BlackTeam "RUS"]
[WhiteClock "0:00:02"]
[BlackClock "0:00:00"]

1. d4 Nf6 2. c4 e6 3. Nf3 b6 4. g3 Ba6 5. Qc2 c5 6. d5 exd5 7. cxd5 Bb7 8. Bg2 Nxd5 9. O-O Nc6 10. Rd1 Be7 11. Qf5 Nf6 12. Nc3 O-O 13. e4 g6 14. Qf4 Nd4 15. Nxd4 cxd4 16. Rxd4 Re8 17. e5 Nh5 18. Qg4 Bxg2 19. Kxg2 Qc8 20. Qxd7 Bc5 21. Qxc8 Raxc8 22. Rd5 Rcd8 23. Rxd8 Rxd8 24. Bg5 Rd3 25. Ne4 Bd4 26. g4 Ng7 27. Rc1 Ne6 28. Rc8+ Kg7 29. Nf6 Nxg5 30. h4 Bxe5 31. hxg5 Bxf6 32. gxf6+ Kxf6 33. Rc7 Rd4 34. Kg3 Ra4 35. a3 h5 36. gxh5 gxh5 37. f4 Ra5 38. Rc6+ Kf5 39. Rc7 f6 40. Rh7 Ke4 41. Rd7 f5 42. Re7+ Kd3 43. Kh4 Kc2 44. Re2+ Kd3 45. Re5 Kd4 46. Re8 Rb5 47. b4 a5 48. bxa5 Rxa5 49. Kxh5 Rxa3 50. Kg5 Ra5 51. Rb8 Rb5 52. Rf8 Ke4 53. Re8+ Kd4 54. Rf8 Ke4 55. Re8+ Kf3 56. Re5 Rc5 57. Rxf5 Rc8 58. Rb5 Rg8+ 59. Kf6 Rf8+ 60. Ke5 Re8+ 61. Kd6 Rd8+ 62. Ke7 1-0

[Event "December 5 Early 2023"]
[Site "https://www.chess.com"]
[Date "2023.12.05"]
[Round "10"]
[White "Shimanov, Aleksandr"]
[Black "Caruana, Fabiano"]
[Result "1-0"]
[Board "3"]
[TimeControl "180+1"]
[WhiteFideId "4198603"]
[BlackFideId "2020009"]
[WhiteElo "2984"]
[BlackElo "3085"]
[WhiteTeam "RUS"]
[BlackTeam "USA"]
[WhiteClock "0:00:51"]
[BlackClock "0:00:15"]

1. d4 Nf6 2. Bg5 Nc6 3. Nf3 Ne4 4. Bf4 d5 5. e3 f6 6. h4 Bg4 7. Be2 e6 8. Nbd2 Bd6 9. Bxd6 Nxd6 10. c4 O-O 11. Qc2 Ne7 12. Bd3 Bf5 13. c5 Nf7 14. Bxf5 exf5 15. g3 c6 16. O-O Qd7 17. Kg2 Nh6 18. b4 Ng4 19. a4 a6 20. Rab1 h6 21. h5 Rfe8 22. Qd3 Qe6 23. Rh1 Qf7 24. Ng1 Qe6 25. Ne2 g5 26. hxg6 Nxg6 27. Rb3 Kg7 28. Rh5 Qd7 29. Qxf5 Qxf5 30. Rxf5 Ne7 31. Rh5 f5 32. Nf3 Nf6 33. Rh1 Ng6 34. Nh4 Nxh4+ 35. Rxh4 h5 36. Nf4 Rh8 37. Rb1 Rh7 38. b5 axb5 39. axb5 Ra2 40. bxc6 bxc6 41. Rb7+ Kg8 42. Rb8+ Kf7 43. Rb7+ Kg8 44. Rxh7 Kxh7 45. Nxh5 Ne4 46. Nf6+ Kg6 47. Nxe4 fxe4 48. Rh8 1-0

[Event "December 5 Early 2023"]
[Site "https://www.chess.com"]
[Date "2023.12.05"]
[Round "10"]
[White "Le, Tuan Minh"]
[Black "Sarana, Alexey"]
[Result "1-0"]
[Board "4"]
[TimeControl "180+1"]
[WhiteFideId "12401153"]
[BlackFideId "24133795"]
[WhiteElo "3072"]
[BlackElo "3004"]
[WhiteTeam "VIE"]
[BlackTeam "SRB"]
[WhiteClock "0:00:16"]
[BlackClock "0:00:01"]

1. d4 Nf6 2. Nf3 d5 3. Bf4 c5 4. c3 e6 5. e3 Nc6 6. Nbd2 Nh5 7. Be5 f6 8. Bg3 g6 9. Be2 Be7 10. O-O O-O 11. Re1 Nxg3 12. hxg3 f5 13. c4 cxd4 14. exd4 Bf6 15. Nb3 Qd6 16. Rc1 Bd7 17. cxd5 exd5 18. Nc5 Bc8 19. Bb5 Ne7 20. Nd3 Be6 21. Nf4 Bf7 22. Ne5 Rad8 23. Ba4 Kh8 24. Bb3 Bg8 25. Qc2 Rc8 26. Qd2 Rxc1 27. Rxc1 a6 28. Re1 Rc8 29. Nfd3 b6 30. Qf4 Rd8 31. Rc1 Kg7 32. a3 g5 33. Qd2 Rc8 34. Re1 Ng6 35. f4 gxf4 36. gxf4 Rc7 37. Kh2 Re7 38. Re3 Qc7 39. Rg3 Qd6 40. Qd1 Kf8 41. Qh5 Rg7 42. Qxf5 Ne7 43. Nd7+ Kf7 44. N3e5+ Ke8 45. Nxf6+ 1-0

[Event "December 5 Early 2023"]
[Site "https://www.chess.com"]
[Date "2023.12.05"]
[Round "10"]
[White "Firouzja, Alireza"]
[Black "Henriquez Villagra, Cristobal"]
[Result "0-1"]
[Board "5"]
[TimeControl "180+1"]
[WhiteFideId "12573981"]
[BlackFideId "3409350"]
[WhiteElo "3167"]
[BlackElo "2989"]
[WhiteTeam "FRA"]
[BlackTeam "CHI"]
[WhiteClock "0:00:02"]
[BlackClock "0:00:08"]

1. e4 c5 2. Nf3 Nc6 3. d4 cxd4 4. Nxd4 Nf6 5. Nc3 d6 6. Bg5 e6 7. Qd2 a6 8. O-O-O Bd7 9. f4 Be7 10. Nf3 b5 11. e5 b4 12. exf6 gxf6 13. Bh4 bxc3 14. Qxc3 Rg8 15. Kb1 Rb8 16. g3 d5 17. Bd3 a5 18. Rhe1 h6 19. Re2 Rg4 20. a4 Rxh4 21. Nxh4 Bb4 22. Qb3 Nd4 23. Qa2 Nxe2 24. Bxe2 Bc3 25. Bb5 Bxb5 26. axb5 Rxb5 27. Qa4 Qd7 28. b3 Rc5 29. Qxd7+ Kxd7 30. Rd3 Kc6 31. g4 Kb5 32. Nf3 e5 33. fxe5 fxe5 34. Nh4 e4 35. Re3 a4 36. bxa4+ Kc4 37. Nf5 Be5 38. Rb3 Ra5 39. Ne3+ Kc5 40. Rb5+ Rxb5+ 41. axb5 Bf4 42. Ng2 Bxh2 43. Kc1 Kxb5 44. Kd1 Kc5 45. Ne3 Bf4 46. Nf5 Bg5 47. c3 Kc4 48. Kc2 Bf4 49. Nd4 Be5 50. Nf5 Bxc3 51. Nd6+ Kc5 52. Nb7+ Kb6 53. Nd8 Bf6 54. Nxf7 Bg5 55. Kd1 Kc5 56. Ke2 d4 57. Ne5 Kd5 0-1

[Event "December 5 Early 2023"]
[Site "https://www.chess.com"]
[Date "2023.12.05"]
[Round "10"]
[White "Naroditsky, Daniel"]
[Black "Tran, Tuan Minh"]
[Result "1-0"]
[Board "6"]
[TimeControl "180+1"]
[WhiteFideId "2026961"]
[BlackFideId "12401820"]
[WhiteElo "3161"]
[BlackElo "2944"]
[WhiteTeam "USA"]
[BlackTeam "VIE"]
[WhiteClock "0:00:39"]
[BlackClock "0:00:13"]

1. e4 d6 2. d4 Nf6 3. Nc3 Nbd7 4. g4 h6 5. h3 e5 6. Nge2 c6 7. Bg2 Qc7 8. Be3 b5 9. Ng3 g6 10. O-O a5 11. f4 Bg7 12. fxe5 dxe5 13. d5 b4 14. d6 Qb8 15. Na4 Ba6 16. Rf2 O-O 17. Qd2 Kh7 18. Rd1 Bc4 19. b3 Be6 20. Nf5 gxf5 21. gxf5 Bd5 22. exd5 cxd5 23. Bxd5 Nxd5 24. Qxd5 Qd8 25. Kh2 Qh4 26. Rg2 e4 27. f6 Bxf6 28. Qf5+ Kh8 29. Rg4 Be5+ 30. Qxe5+ Nxe5 31. Rxh4 Nf3+ 32. Kg3 Nxh4 33. Kxh4 f5 34. Bf4 Rad8 35. d7 1-0

[Event "December 5 Early 2023"]
[Site "https://www.chess.com"]
[Date "2023.12.05"]
[Round "10"]
[White "Khismatullin, Denis"]
[Black "Bortnyk, Olexandr"]
[Result "0-1"]
[Board "7"]
[TimeControl "180+1"]
[WhiteFideId "4142578"]
[BlackFideId "14120828"]
[WhiteElo "2948"]
[BlackElo "3072"]
[WhiteTeam "RUS"]
[BlackTeam "UKR"]
[WhiteClock "0:00:00"]
[BlackClock "0:00:41"]

1. d4 d6 2. Nf3 Nf6 3. g3 g6 4. Bg2 Bg7 5. O-O O-O 6. Re1 Bf5 7. Nh4 Be4 8. Bxe4 Nxe4 9. f3 Nf6 10. e4 c5 11. dxc5 dxc5 12. Qxd8 Rxd8 13. e5 Nd5 14. c3 Nc6 15. f4 b5 16. Nd2 f6 17. Ne4 c4 18. exf6 exf6 19. f5 Ne5 20. Nc5 Rac8 21. Ne6 Re8 22. Rf1 Nd3 23. a4 b4 24. cxb4 N5xb4 25. Bd2 Nd5 26. Rab1 Rxe6 27. fxe6 f5 28. Nf3 Bxb2 29. Ne1 Bd4+ 30. Kh1 Nc5 31. Nf3 Bf6 32. Rb5 c3 33. Bg5 Bxg5 34. Nxg5 Ne3 35. e7 Nd3 36. Rb7 c2 37. Rc7 Re8 38. Rf3 Rxe7 39. Rc8+ Kg7 40. Rxe3 Rxe3 41. Rxc2 Re1+ 42. Kg2 Re7 43. Rd2 Nc5 44. a5 h6 45. Nf3 Ne4 46. Rb2 Kf6 47. a6 Re6 48. Ra2 Rd6 49. h4 Nc5 50. Ra5 Nxa6 51. h5 g5 52. Nd4 Nc5 53. Ra6 Rxa6 0-1

[Event "December 5 Early 2023"]
[Site "https://www.chess.com"]
[Date "2023.12.05"]
[Round "10"]
[White "Svane, Rasmus"]
[Black "Duda, Jan-Krzysztof"]
[Result "0-1"]
[Board "8"]
[TimeControl "180+1"]
[WhiteFideId "4657101"]
[BlackFideId "1170546"]
[WhiteElo "2940"]
[BlackElo "3056"]
[WhiteTeam "GER"]
[BlackTeam "POL"]
[WhiteClock "0:00:03"]
[BlackClock "0:00:03"]

1. Nf3 b5 2. e4 Bb7 3. Bxb5 Bxe4 4. O-O e6 5. d4 Nf6 6. Re1 Be7 7. c4 O-O 8. Nc3 Bb7 9. Bf4 d6 10. h3 Nbd7 11. Ba4 Rb8 12. Rb1 a6 13. Bc2 c5 14. dxc5 dxc5 15. Bxb8 Qxb8 16. Ne4 Rd8 17. Qe2 Bxe4 18. Bxe4 Qc7 19. Rbd1 Rb8 20. Bb1 g6 21. Ng5 Nf8 22. Nf3 N8d7 23. Rd2 Bf8 24. Red1 Bh6 25. Rd3 Rb6 26. Qc2 Bf4 27. Qc3 e5 28. Nd2 e4 29. Re3 Bh2+ 30. Kh1 Be5 31. Qc2 Rxb2 32. Qc1 Bd4 33. Nb3 Rxf2 34. Nxd4 cxd4 35. Rxd4 Qf4 36. Rd1 Ne5 37. Rde1 Nf3 38. Rxf3 exf3 39. Qxf4 fxg2+ 40. Kg1 Rxf4 41. Rc1 Rf1+ 42. Rxf1 gxf1=Q+ 43. Kxf1 Kf8 44. Ke2 Ke7 45. c5 Nd7 46. c6 Ne5 47. Be4 Kd6 48. c7 Kxc7 49. Ke3 a5 50. Kd4 Kd6 51. Bd5 g5 52. Ke4 f5+ 53. Kd4 h5 54. Bg2 h4 55. Bh1 g4 56. hxg4 fxg4 57. Ke4 g3 58. Kf4 a4 59. a3 Nc4 60. Kg4 Nxa3 61. Kxh4 Nc4 62. Kxg3 a3 0-1

[Event "December 5 Early 2023"]
[Site "https://www.chess.com"]
[Date "2023.12.05"]
[Round "10"]
[White "Zhigalko, Sergei"]
[Black "So, Wesley"]
[Result "1/2-1/2"]
[Board "9"]
[TimeControl "180+1"]
[WhiteFideId "13502956"]
[BlackFideId "5202213"]
[WhiteElo "2912"]
[BlackElo "3048"]
[WhiteTeam "BLR"]
[BlackTeam "USA"]
[WhiteClock "0:00:02"]
[BlackClock "0:00:05"]

1. e4 e6 2. d4 d5 3. e5 c5 4. c3 Nc6 5. Nf3 Qb6 6. Bd3 cxd4 7. O-O Bd7 8. Re1 Nge7 9. h4 h6 10. h5 Rc8 11. a3 a6 12. b4 dxc3 13. Nxc3 Nxb4 14. Na4 Bxa4 15. Qxa4+ Nbc6 16. Rb1 Qa5 17. Qg4 Rc7 18. a4 Nc8 19. Bd2 Qc5 20. Rec1 Qe7 21. a5 Qd7 22. Rc2 N8a7 23. Rbc1 Rc8 24. Be3 Ra8 25. Bxa7 Rxa7 26. Nd4 Ba3 27. Qxg7 Rf8 28. Rxc6 bxc6 29. Rxc6 Be7 30. Bxa6 Rxa6 31. Rxa6 Qa4 32. Ra8+ Kd7 33. Rxf8 Qd1+ 34. Kh2 Qxh5+ 35. Kg1 Qd1+ 36. Kh2 Qh5+ 37. Kg1 Qd1+ 38. Kh2 Qh5+ 1/2-1/2

[Event "December 5 Early 2023"]
[Site "https://www.chess.com"]
[Date "2023.12.05"]
[Round "10"]
[White "Zemlyanskii, Ivan"]
[Black "Sychev, Klementy"]
[Result "1-0"]
[Board "10"]
[TimeControl "180+1"]
[WhiteFideId "24249971"]
[BlackFideId "4114060"]
[WhiteElo "3019"]
[BlackElo "2911"]
[WhiteTeam "RUS"]
[BlackTeam "FID"]
[WhiteClock "0:00:08"]
[BlackClock "0:00:00"]

1. d4 d5 2. c4 dxc4 3. e3 Nf6 4. Bxc4 e6 5. Nf3 a6 6. a4 Nbd7 7. O-O c5 8. Nc3 Qc7 9. Qe2 Bd6 10. dxc5 Qxc5 11. Bd3 O-O 12. Bd2 Qh5 13. h3 b6 14. Ne4 Nxe4 15. Bxe4 Ra7 16. Rfd1 Nf6 17. Bc2 Bb7 18. Bc3 Nd5 19. Be1 Raa8 20. Rac1 Rfd8 21. Rd4 Nf6 22. Rcd1 Be7 23. Rxd8+ Rxd8 24. Rxd8+ Bxd8 25. Bd3 a5 26. Bc3 Be7 27. Qd1 Nd5 28. Bd4 f6 29. Qb3 Kf7 30. Bc4 Bb4 31. Bc3 Nxc3 32. bxc3 Bc5 33. Bxe6+ Ke7 34. Bg4 Qd5 35. Qc2 Qe4 36. Qa2 Bd5 37. Qa1 f5 38. Bh5 g6 39. c4 gxh5 40. cxd5 Qxd5 41. Qg7+ Qf7 42. Qe5+ Qe6 43. Qg7+ Qf7 44. Qg5+ Kd6 45. Qf4+ Ke7 46. Nh4 Ke6 47. Qc4+ Kf6 48. Qc3+ Ke6 49. Qb3+ Kf6 50. Qb2+ Ke6 51. Nf3 Qf6 52. Qb3+ Ke7 53. Qg8 Qf7 54. Qg5+ Kf8 55. g3 Be7 56. Qh6+ Kg8 57. Qxb6 Bb4 58. Qb8+ Kg7 59. Qe5+ Qf6 60. Qxf6+ Kxf6 61. Kf1 h6 62. Ke2 Ke6 63. Nd4+ Kf6 64. Nc6 Bc3 65. Kd3 Be1 66. Ke2 Bc3 67. f3 Kg5 68. h4+ Kf6 69. Nd4 Bb4 70. Nc2 Bc5 71. Kd3 Bd6 72. f4 Ke6 73. Nd4+ Kf6 74. Nc6 Bc7 75. Kc4 Bb6 76. Nd4 Bd8 77. Kb5 Bc7 78. Nc6 Ke6 79. Nxa5 Kd5 80. Nc4 Ke4 81. a5 Kf3 82. a6 Bb8 83. Kb6 Kxg3 84. Kb7 1-0

[Event "December 5 Early 2023"]
[Site "https://www.chess.com"]
[Date "2023.12.05"]
[Round "10"]
[White "Xiong, Jeffery"]
[Black "Popov, Konstantin"]
[Result "1-0"]
[Board "11"]
[TimeControl "180+1"]
[WhiteFideId "2047640"]
[BlackFideId "34137910"]
[WhiteElo "3005"]
[BlackElo "2894"]
[WhiteTeam "USA"]
[BlackTeam "FID"]
[WhiteClock "0:01:17"]
[BlackClock "0:00:09"]

1. d4 Nf6 2. c4 e6 3. Nc3 Bb4 4. Nf3 O-O 5. Bg5 d6 6. e3 Nbd7 7. Bd3 e5 8. O-O h6 9. Bxf6 Nxf6 10. dxe5 Bxc3 11. bxc3 dxe5 12. Nxe5 Qd6 13. Nf3 Rd8 14. Be2 Qe7 15. Qc2 c5 16. a4 Ne4 17. Rfd1 Bf5 18. Qb2 Re8 19. Bd3 Rad8 20. Bxe4 Bxe4 21. Ne1 Qe6 22. f3 Bc6 23. e4 Qxc4 24. a5 Bb5 25. Nc2 Qe2 26. Re1 Qd2 27. Rad1 Qxd1 28. Rxd1 Rxd1+ 29. Kf2 Rd2+ 30. Kg3 Bd3 31. Qxb7 Bxc2 32. Qxa7 Bd3 33. Qxc5 Bf1 34. h4 Rxg2+ 35. Kf4 Ra2 36. Qd5 Rg2 37. c4 Re6 38. c5 g5+ 39. hxg5 hxg5+ 40. Ke3 Re2+ 41. Kd3 R2xe4+ 42. Kd2 Re2+ 43. Kc1 R2e5 44. Qd4 Rf5 45. Kd2 Bb5 46. Qb4 Bc6 47. a6 Bxf3 48. a7 Kg7 49. Qc3+ Ref6 50. Qxf3 Rxf3 51. a8=Q R3f5 52. Qc8 Re6 53. Kd3 Rd5+ 54. Kc4 Ree5 55. c6 Rc5+ 56. Kb4 Rb5+ 57. Ka4 Rbc5 58. Kb4 Rc1 59. Qd7 Rec5 60. Qd4+ Kf8 61. Qxc5+ Rxc5 62. Kxc5 Ke7 63. Kb6 g4 64. c7 g3 65. c8=Q g2 66. Qg4 1-0